 Dungeon Crawl Stone Soup version 0.29-a0-284-gf9362112df (webtiles) character file.

Game seed: 8338958227669394695

14 AttackTheMoon the Magician (level 2, -1/18 HPs)
             Began as an Octopode Wanderer on Mar 14, 2022.
             Was a Follower of the Shining One.
             Succumbed to an adder's poison
             ... on level 3 of the Dungeon.
             The game lasted 00:03:27 (838 turns).

AttackTheMoon the Magician (Octopode Wanderer)       Turns: 838, Time: 00:03:27

Health: -1/18      AC:  1    Str: 11    XL:     2   Next: 45%
Magic:  7/7        EV: 13    Int: 12    God:    the Shining One [*.....]
Gold:   57         SH:  0    Dex: 13    Spells: 9/9 levels left

rFire   + . .      SeeInvis .   i - +0 hunting sling
rCold   + . .      Faith    .   (no shield)
rNeg    . . .      Spirit   .   (helmet restricted)
rPois   +          Reflect  .   (no amulet)
rElec   +          Harm     .   (no ring)
rCorr   +          Rampage  .   (no ring)
Will    .....                   (no ring)
Stlth   +.........              (no ring)
HPRegen 0.06/turn               (no ring)
MPRegen 0.10/turn               (no ring)
                                (no ring)
                                (no ring)

@: lethally poisoned (-1 -> -8), resistant, glowing
A: almost no armour, amphibious, 8 rings, camouflage 1, gelatinous body 1,
(nimble swimmer 1), tentacles
a: Renounce Religion, Divine Shield


You were on level 3 of the Dungeon.
You worshipped the Shining One.
The Shining One was aware of your devotion.
You visited 1 branch of the dungeon, and saw 3 of its levels.

You collected 57 gold pieces.

Inventory:

Hand Weapons
 a - a +0 hand crossbow
 c - a +0 dagger
 i - a +0 hunting sling (weapon)
Missiles
 b - 13 poisoned darts
 e - 65 stones
Scrolls
 k - a scroll of teleportation
Potions
 d - a potion of attraction
 f - a potion of degeneration
 h - a potion of heal wounds {unknown}
 j - a potion of flight {unknown}
 m - a potion of haste {unknown}


   Skills:
 + Level 1.3 Fighting
 + Level 0.3(0.9) Slings
 - Level 1.1 Crossbows
 + Level 1.3 Throwing
 + Level 1.3 Dodging
 - Level 1.4 Stealth
 - Level 4.0 Spellcasting
 + Level 0.6 Invocations


You had 9 spell levels left.
You didn't know any spells.
Your spell library contained the following spells:

 Spells                   Type           Power      Damage    Failure   Level
 Sandblast                Erth           4%         2d4       22%         1
 Shock                    Conj/Air       8%         1d3       22%         1
 Slow                     Hex            8%         N/A       22%         1
 Sting                    Tmut/Pois      8%         1d3       22%         1
 Poisonous Vapours        Pois/Air       4%         N/A       32%         2
 Frozen Ramparts          Ice            4%         1d2       54%         3
 Stone Arrow              Conj/Erth      4%         3d7       54%         3
 Swiftness                Air            2%         N/A       54%         3
 Airstrike                Air            1%         N/A       91%         4
 Olgreb's Toxic Radiance  Pois           2%         N/A       91%         4


Dungeon Overview and Level Annotations

Branches:
Dungeon (2/15)

Altars:
The Shining One

Annotations:
D:2 1 runed translucent door


Innate Abilities, Weirdness & Mutations

You cannot wear most types of armour.
You are amphibious.
You can wear up to eight rings at the same time.
Your skin changes colour to match your surroundings (Stealth+).
Your rubbery body absorbs attacks. (AC +1, EV +1)
((You are camouflaged when in or above water. (Stealth+)))
You have tentacles for arms and can constrict up to eight enemies at once.


Message History

You are too injured to fight recklessly!
You are too injured to fight recklessly!
You are too injured to fight recklessly!
You are too injured to fight recklessly!
You are too injured to fight recklessly!
You are too injured to fight recklessly!
You are too injured to fight recklessly!
You are too injured to fight recklessly!
You are too injured to fight recklessly!
Fire: i) +0 hunting sling
Press: ? - help, Q - select action, (/) - cycle Shift-Dir - straight line, f/p - adder
Aim: an adder (almost dead, haloed, 52% to hit)
You shoot a sling bullet.
The sling bullet hits the adder but does no damage.
The adder is almost dead.
You feel sick. The adder bites you.
* * * LOW HITPOINT WARNING * * *
The adder bites you but does no damage.
Fire: i) +0 hunting sling
Press: ? - help, Q - select action, (/) - cycle Shift-Dir - straight line, f/p - adder
Aim: an adder (almost dead, haloed, 52% to hit)
You shoot a sling bullet.
The sling bullet barely misses the adder.
* * * LOW HITPOINT WARNING * * *
You feel sick. The adder closely misses you. x2
Fire: i) +0 hunting sling
Press: ? - help, Q - select action, (/) - cycle Shift-Dir - straight line, f/p - adder
Aim: an adder (almost dead, haloed, 52% to hit)
You shoot a sling bullet.
The sling bullet closely misses the adder.
* * * LOW HITPOINT WARNING * * *
You feel sick. The adder bites you.
* * * LOW HITPOINT WARNING * * *
The adder bites you. The Shining One protects you from harm!
You are more poisoned.
The adder poisons you!
It was a potion of resistance.
You feel protected.
You die...

.. #. ### #
#. #..
##.##.###..
.....<....
.........#
.......S.#
.......@.#
##########


You could see an adder.

Vanquished Creatures
  3 bats
  4 endoplasms (D:1)
  A giant cockroach (D:1)
  A goblin (D:1)
  A frilled lizard (D:1)
  2 rats (D:1)
12 creatures vanquished.

Notes
Turn   | Place    | Note
-------+----------+-------------------------------------------
     0 | D:1      | AttackTheMoon the Octopode Wanderer began the quest for the
                  | Orb.
     0 | D:1      | AttackTheMoon set off with the following items: a +0 hand
                  | crossbow, 14 poisoned darts, a +0 dagger, a potion of
                  | attraction, 31 stones; and the following spells available
                  | to memorise: Sandblast, Slow, Frozen Ramparts, Stone Arrow
     0 | D:1      | Reached XP level 1. HP: 13/13 MP: 5/5
    20 | D:1      | Found a faded altar of an unknown god.
    35 | D:1      | Prayed at the altar of an unknown god.
    35 | D:1      | Became a worshipper of the Shining One
    35 | D:1      | Reached * piety under the Shining One
   323 | D:1      | Reached XP level 2. HP: 18/18 MP: 7/7
   828 | D:2      | Found a runed translucent door.
   828 | D:2      | You fall into a shaft and drop 1 floor!
   837 | D:3      | The Shining One protects you from harm!
   838 | D:3      | Succumbed to an adder's poison

Illustrated notes

Levels and vault maps discovered:
D:1:      minmay_arrival_plants_in_alcoves, layout_basic,
          ebering_ecumenical_altar_ruins, minmay_box_of_dots
D:2:      layout_loops_ring, minmay_split_cup_large, uniq_jessica,
          uniq_crazy_yiuf_cottage
D:3:      layout_rooms, gammafunk_ghost_abyssal_escape,
          kennysheep_generic_room_2

Action                   || total
-------------------------++-------
Melee: Dagger            ||     4
       Tentacles         ||     2
       Constrict         ||     1
 Fire: Hunting sling     ||    42
Throw: Stone             ||    14
       Dart              ||     1
  Use: Scroll            ||     4
       Potion            ||     1
 Stab: Sleeping          ||     1
Armor: Skin              ||    10
Dodge: Dodged            ||    35

Table legend: (Time is in decaauts)
 A = Elapsed time spent in this place.
 B = Non-inter-level travel time spent in this place.
 C = Inter-level travel time spent in this place.
 D = Time resting spent in this place.
 E = Time spent auto-exploring this place.
 F = Levels seen in this place.
 G = Mean time per level.
                   A        B        C        D        E       F      G
               +--------+--------+--------+--------+--------+-----+--------+
         Total |    857 |    840 |     17 |      0 |    682 |   3 |  285.7 |
       Dungeon |    857 |    840 |     17 |      0 |    682 |   3 |  285.7 |
               +--------+--------+--------+--------+--------+-----+--------+

Top non-repeatable levels by time:
     D:1: 778 daAuts
     D:2: 64 daAuts
     D:3: 13 daAuts
